Connexion

Gulls vs Monsters

Created - 30 décembre 2023 at 06:04

Goals
1 2 3 T
Gulls 3 1 0 4
Monsters 4 1 1 6
Shots
1 2 3 T
Gulls 12 7 11 30
Monsters 9 15 7 31

GoalsPenalties
1st period
1. Gulls , Linus Olund 18 (Phil Di Giuseppe 12, Sam Kurker 14) at 0:10
2. Gulls , Trevor Murphy 6 (Alex Limoges 17, Gustav Bouramman 13) at 8:15
3. Monsters , Chris Bigras 3 (Tim Gettinger 21, Max Willman 15) at 9:16
4. Monsters , Ryan Fitzgerald 3 (Nathan Walker 5, Mason Geertsen 20) at 13:23
5. Monsters , Blade Jenkins 7 (Mitch Reinke 32, Chris Bigras 18) at 15:23
6. Monsters , Nicolas Petan 25 (Adam Ginning 28, Max Willman 16) at 15:53 (PP)
7. Gulls , Dmitry Kulikov 8 (Calvin Thurkauf 9, Dalton Smith 11) at 18:42 (PP)
Anthony Angello (CLE) for Interference (Minor) at 5:46
Mirco Mueller (SAN) for Interference (Minor) at 15:47
Anthony Angello (CLE) for Roughing (Minor) at 18:01
2nd period
8. Gulls , Jack Badini 7 (Trevor Murphy 15, Alex Limoges 18) at 3:39
9. Monsters , Nathan Walker 3 (Adam Ginning 29, Mason Geertsen 21) at 17:30
Dysin Mayo (CLE) for Delaying the game (Minor) at 1:13
Andrew Poturalski (CLE) for Holding (Minor) at 5:20
3rd period
10. Monsters , Sean Day 10 (Nicholas Abruzzese 40) at 1:57 (PP)
Lucas Carlsson (SAN) for Slashing (Minor) at 1:41
Max Willman (CLE) for Roughing (Minor) at 4:57
Dysin Mayo (CLE) for Holding (Minor) at 17:43
Goalie Stats
Philippe Desrosiers (SAN), 2 saves from 6 shots - (0,333), 15:53 minutes
Janne Juvonen (SAN), 23 saves from 25 shots - (0,920), L, 7-8-0, 44:07 minutes
Kevin Mandolese (CLE), 26 saves from 30 shots - (0,867), W, 26-14-2, 60:00 minutes
3 StarsOfficial
1 - Mason Geertsen (CLE)
2 - Nathan Walker (CLE)
3 - Tim Gettinger (CLE)
Referees : Rob Shick and Stephane Auger
Linesman : Mike Cvik and Tim Nowak
Game Note
Janne Juvonen enters game at 15:53 of 1st period
Finance
Level 1 -- Attendance: 1363 (68,15%) -- Ticket Income $54,520
Level 2 -- Attendance: 900 (90,00%) -- Ticket Income $18,000
Total Attendance: 2263 (75,43%)
Total Ticket Income: $72,520
Other Income: $14,504
Total Income: $87,024



Team Name Goals Shots Shots Attemp Shots Blocked PIM HIT PP PK FO%
Gulls 43065114201 / 6 (17%)256%
Monsters 631661212232 / 2 (100%)144%

Gulls
Player Name POS G A P +/- PIM HIT SHT SB MP PP MP PP SHT PK MP PK SHT FO% FOT
Alex LimogesC/LW0220002014:430:5800:00045% 22
Arnaud DurandeauLW000-100009:235:2800:0000% 0
Calvin ThurkaufC/LW011-1011018:424:2800:00050% 18
Dalton SmithLW011-1052018:424:2800:0000% 1
Dmitry KulikovD1010011125:546:2810:1600% 0
Gustav BourammanD0111000014:400:0000:0000% 0
Jack BadiniC/LW1010033013:450:0000:0000% 1
Linus OlundC1011003122:585:2800:22068% 31
Lucas CarlssonD000-2211119:254:0810:0600% 0
Malte StromwallRW0000012018:004:1510:00050% 2
Marcus KallionkelliLW000000000:000:0000:0000% 0
Mathias LaferriereRW000-2012018:090:0000:000100% 3
Mirco MuellerD0000213425:536:2810:1600% 0
Phil Di GiuseppeLW/RW0111052023:386:0800:22050% 4
Ryan SheaD000-2012019:264:0820:0600% 0
Sam KurkerRW0111005017:430:3500:000100% 2
TJ HensickC/RW000-100013:550:0000:00050% 10
Trevor MurphyD1121001314:400:0000:0000% 0
Monsters
Player Name POS G A P +/- PIM HIT SHT SB MP PP MP PP SHT PK MP PK SHT FO% FOT
Adam GinningD0221001121:220:0604:1100% 0
Alex FormentonLW000-1025124:280:1605:56050% 10
Andrew PoturalskiC/RW000-1202021:380:1603:070100% 1
Anthony AngelloC/RW000-1401010:340:0000:0000% 1
Blade JenkinsC/LW101-1032010:360:0000:00042% 19
Carsen TwarynskiLW000-1004010:360:0000:0000% 0
Chris BigrasD1120011012:250:0000:0000% 0
Dysin MayoD000-1421223:200:1603:0700% 0
Justin BaileyRW000200104:490:0000:0000% 0
Mason GeertsenD0222050222:100:0605:2600% 0
Max WillmanC/LW0221200118:290:0603:03052% 21
Mitch ReinkeD0111012215:580:0004:0600% 0
Nathan WalkerLW112200206:310:0001:4200% 0
Nicholas AbruzzeseC/LW011-1001124:280:1605:56039% 28
Nicolas PetanC/LW/RW1011003015:430:0610:1600% 2
Ryan FitzgeraldC/LW101200104:490:0000:00050% 10
Sean DayD101-1023224:430:1624:2200% 0
Tim GettingerLW0111071016:390:0601:1200% 2



Play-by-Play

1st period


0:01 of 1st period - Sam Kurker wins face-off versus Nicholas Abruzzese in neutral zone.
0:04 of 1st period - Shot by Phil Di Giuseppe.
0:04 of 1st period - Shot Misses the Net.
0:10 of 1st period - Shot by Linus Olund.
0:10 of 1st period - Goal by Linus Olund - Gulls : 1 - Monsters : 0.
0:11 of 1st period - Calvin Thurkauf wins face-off versus Max Willman in neutral zone.
0:11 of 1st period - Calvin Thurkauf is hit by Tim Gettinger.
1:11 of 1st period - Icing by Dysin Mayo.
1:12 of 1st period - Linus Olund wins face-off versus Nicholas Abruzzese in Monsters zone.
1:28 of 1st period - Shot by Nicholas Abruzzese.
1:28 of 1st period - Shot Misses the Net.
1:38 of 1st period - Shot by Linus Olund.
1:38 of 1st period - Shot Blocked by Dysin Mayo.
1:41 of 1st period - Icing by Sean Day.
1:42 of 1st period - Alex Limoges wins face-off versus Nicholas Abruzzese in Monsters zone.
2:00 of 1st period - Icing by Trevor Murphy.
2:01 of 1st period - Alex Limoges wins face-off versus Blade Jenkins in Gulls zone.
2:10 of 1st period - Shot by Alex Limoges.
2:10 of 1st period - Stopped by Kevin Mandolese with a rebound.
2:12 of 1st period - Shot by Jack Badini.
2:12 of 1st period - Stopped by Kevin Mandolese without a rebound.
2:13 of 1st period - Linus Olund wins face-off versus Ryan Fitzgerald in Monsters zone.
2:16 of 1st period - Shot by Sam Kurker.
2:16 of 1st period - Stopped by Kevin Mandolese without a rebound.
2:17 of 1st period - Blade Jenkins wins face-off versus TJ Hensick in Monsters zone.
2:19 of 1st period - Icing by Carsen Twarynski.
2:20 of 1st period - TJ Hensick wins face-off versus Blade Jenkins in Monsters zone.
2:25 of 1st period - Shot by Arnaud Durandeau.
2:25 of 1st period - Shot Misses the Net.
2:36 of 1st period - Off-side.
2:37 of 1st period - Linus Olund wins face-off versus Ryan Fitzgerald in neutral zone.
2:41 of 1st period - Phil Di Giuseppe is hit by Dysin Mayo and loses puck.
3:07 of 1st period - Shot by Linus Olund.
3:07 of 1st period - Shot Misses the Net.
3:09 of 1st period - Shot by Sam Kurker.
3:09 of 1st period - Stopped by Kevin Mandolese without a rebound.
3:10 of 1st period - Max Willman wins face-off versus Alex Limoges in Monsters zone.
3:20 of 1st period - Adam Ginning is hit by Jack Badini and loses puck.
3:55 of 1st period - Icing by Adam Ginning.
3:56 of 1st period - Max Willman wins face-off versus Calvin Thurkauf in Monsters zone.
4:07 of 1st period - Adam Ginning is hit by Mathias Laferriere and loses puck.
4:17 of 1st period - Icing by Mason Geertsen.
4:18 of 1st period - Linus Olund wins face-off versus Max Willman in Monsters zone.
4:24 of 1st period - Icing by Adam Ginning.
4:25 of 1st period - Linus Olund wins face-off versus Tim Gettinger in Monsters zone.
5:14 of 1st period - Icing by Dysin Mayo.
5:15 of 1st period - Nicholas Abruzzese wins face-off versus Calvin Thurkauf in Monsters zone.
5:32 of 1st period - Shot by Calvin Thurkauf.
5:32 of 1st period - Stopped by Kevin Mandolese with a rebound.
5:38 of 1st period - Shot by Mathias Laferriere.
5:38 of 1st period - Stopped by Kevin Mandolese without a rebound.
5:39 of 1st period - Alex Limoges wins face-off versus Blade Jenkins in Monsters zone.
5:46 of 1st period - Minor Penalty to Anthony Angello for Interference.
5:47 of 1st period - Linus Olund wins face-off versus Alex Formenton in Monsters zone.
6:17 of 1st period - Icing by Linus Olund.
6:18 of 1st period - Alex Formenton wins face-off versus Linus Olund in Gulls zone.
6:23 of 1st period - Shot by Nicholas Abruzzese.
6:23 of 1st period - Shot Blocked by Mirco Mueller.
8:05 of 1st period - Shot by Alex Limoges.
8:05 of 1st period - Deflect By Jack Badini.
8:05 of 1st period - Shot Misses the Net.
8:07 of 1st period - Shot by Jack Badini.
8:07 of 1st period - Shot Misses the Net.
8:13 of 1st period - Shot by Alex Limoges.
8:13 of 1st period - Shot Blocked by Mitch Reinke.
8:15 of 1st period - Shot by Trevor Murphy.
8:15 of 1st period - Goal by Trevor Murphy - Gulls : 2 - Monsters : 0.
8:16 of 1st period - Calvin Thurkauf wins face-off versus Ryan Fitzgerald in neutral zone.
8:28 of 1st period - Sean Day is hit by Lucas Carlsson and loses puck.
8:33 of 1st period - Shot by Ryan Fitzgerald.
8:33 of 1st period - Deflect By Nathan Walker.
8:33 of 1st period - Shot Misses the Net.
8:35 of 1st period - Shot by Justin Bailey.
8:35 of 1st period - Shot Misses the Net.
8:39 of 1st period - Shot by Nathan Walker.
8:39 of 1st period - Stopped by Philippe Desrosiers without a rebound.
8:40 of 1st period - TJ Hensick wins face-off versus Max Willman in Gulls zone.
9:14 of 1st period - Shot by Tim Gettinger.
9:14 of 1st period - Shot Misses the Net.
9:16 of 1st period - Shot by Chris Bigras.
9:16 of 1st period - Goal by Chris Bigras - Gulls : 2 - Monsters : 1.
9:17 of 1st period - Linus Olund wins face-off versus Nicholas Abruzzese in neutral zone.
9:50 of 1st period - Icing by Dysin Mayo.
9:51 of 1st period - Nicholas Abruzzese wins face-off versus Jack Badini in Monsters zone.
10:24 of 1st period - Shot by Malte Stromwall.
10:24 of 1st period - Stopped by Kevin Mandolese with a rebound.
10:39 of 1st period - Off-side.
10:40 of 1st period - Linus Olund wins face-off versus Ryan Fitzgerald in neutral zone.
10:58 of 1st period - Icing by Dmitry Kulikov.
10:59 of 1st period - Linus Olund wins face-off versus Nicolas Petan in Gulls zone.
11:13 of 1st period - Sam Kurker is hit by Tim Gettinger and loses puck.
11:17 of 1st period - Phil Di Giuseppe is hit by Mason Geertsen and loses puck.
11:28 of 1st period - Phil Di Giuseppe is hit by Tim Gettinger and loses puck.
11:34 of 1st period - Mirco Mueller is hit by Mason Geertsen.
12:24 of 1st period - Nicholas Abruzzese is hit by Dalton Smith.
12:34 of 1st period - Shot by Alex Formenton.
12:34 of 1st period - Stopped by Philippe Desrosiers without a rebound.
12:35 of 1st period - Blade Jenkins wins face-off versus Alex Limoges in Gulls zone.
12:38 of 1st period - Shot by Anthony Angello.
12:38 of 1st period - Shot Misses the Net.
12:40 of 1st period - Shot by Anthony Angello.
12:40 of 1st period - Shot Misses the Net.
12:51 of 1st period - Icing by Mitch Reinke.
12:52 of 1st period - Linus Olund wins face-off versus Blade Jenkins in Monsters zone.
12:59 of 1st period - Shot by Mirco Mueller.
12:59 of 1st period - Shot Misses the Net.
13:01 of 1st period - Shot by Mirco Mueller.
13:01 of 1st period - Stopped by Kevin Mandolese without a rebound.
13:02 of 1st period - Ryan Fitzgerald wins face-off versus Alex Limoges in Monsters zone.
13:07 of 1st period - Shot by Justin Bailey.
13:07 of 1st period - Shot Misses the Net.
13:23 of 1st period - Shot by Ryan Fitzgerald.
13:23 of 1st period - Goal by Ryan Fitzgerald - Gulls : 2 - Monsters : 2.
13:24 of 1st period - Nicholas Abruzzese wins face-off versus Linus Olund in neutral zone.
13:24 of 1st period - Sean Day is hit by Phil Di Giuseppe and loses puck.
13:29 of 1st period - Shot by Phil Di Giuseppe.
13:29 of 1st period - Shot Blocked by Dysin Mayo.
13:31 of 1st period - Shot by Phil Di Giuseppe.
13:31 of 1st period - Shot Hit the Post.
14:39 of 1st period - Shot by Dalton Smith.
14:39 of 1st period - Shot Misses the Net.
14:52 of 1st period - Icing by Nicholas Abruzzese.
14:53 of 1st period - Nicholas Abruzzese wins face-off versus Alex Limoges in Monsters zone.
15:12 of 1st period - Anthony Angello is hit by Jack Badini and loses puck.
15:23 of 1st period - Shot by Blade Jenkins.
15:23 of 1st period - Goal by Blade Jenkins - Gulls : 2 - Monsters : 3.
15:24 of 1st period - Max Willman wins face-off versus TJ Hensick in neutral zone.
15:32 of 1st period - Shot by Tim Gettinger.
15:32 of 1st period - Shot Misses the Net.
15:47 of 1st period - Minor Penalty to Mirco Mueller for Interference.
15:48 of 1st period - Max Willman wins face-off versus Phil Di Giuseppe in Gulls zone.
15:49 of 1st period - Shot by Adam Ginning.
15:49 of 1st period - Shot Blocked by Lucas Carlsson.
15:51 of 1st period - Shot by Adam Ginning.
15:51 of 1st period - Shot Blocked by Linus Olund.
15:53 of 1st period - Shot by Nicolas Petan.
15:53 of 1st period - Goal by Nicolas Petan - Gulls : 2 - Monsters : 4.
15:53 of 1st period - Janne Juvonen enters game.
15:54 of 1st period - Blade Jenkins wins face-off versus Linus Olund in neutral zone.
16:03 of 1st period - Shot by Carsen Twarynski.
16:03 of 1st period - Stopped by Janne Juvonen without a rebound.
16:04 of 1st period - Alex Limoges wins face-off versus Max Willman in Gulls zone.
16:31 of 1st period - Adam Ginning is hit by Jack Badini and loses puck.
16:49 of 1st period - Icing by Mason Geertsen.
16:50 of 1st period - Max Willman wins face-off versus Linus Olund in Monsters zone.
16:59 of 1st period - Shot by Linus Olund.
16:59 of 1st period - Stopped by Kevin Mandolese without a rebound.
17:00 of 1st period - Calvin Thurkauf wins face-off versus Nicholas Abruzzese in Monsters zone.
17:09 of 1st period - Icing by Sean Day.
17:10 of 1st period - Linus Olund wins face-off versus Nicholas Abruzzese in Monsters zone.
17:29 of 1st period - Shot by Andrew Poturalski.
17:29 of 1st period - Shot Misses the Net.
17:50 of 1st period - Icing by Ryan Shea.
17:51 of 1st period - Blade Jenkins wins face-off versus Linus Olund in Gulls zone.
17:58 of 1st period - Shot by Anthony Angello.
17:58 of 1st period - Shot Misses the Net.
18:01 of 1st period - Minor Penalty to Anthony Angello for Roughing.
18:02 of 1st period - Alex Formenton wins face-off versus Calvin Thurkauf in Monsters zone.
18:02 of 1st period - Alex Formenton is hit by Malte Stromwall.
18:40 of 1st period - Shot by Calvin Thurkauf.
18:40 of 1st period - Shot Misses the Net.
18:42 of 1st period - Shot by Dmitry Kulikov.
18:42 of 1st period - Goal by Dmitry Kulikov - Gulls : 3 - Monsters : 4.
18:43 of 1st period - Blade Jenkins wins face-off versus TJ Hensick in neutral zone.
18:50 of 1st period - Shot by Carsen Twarynski.
18:50 of 1st period - Stopped by Janne Juvonen without a rebound.
18:51 of 1st period - TJ Hensick wins face-off versus Blade Jenkins in Gulls zone.
19:00 of 1st period - Shot by Carsen Twarynski.
19:00 of 1st period - Shot Misses the Net.
19:02 of 1st period - Shot by Blade Jenkins.
19:02 of 1st period - Shot Misses the Net.
19:04 of 1st period - Shot by Carsen Twarynski.
19:04 of 1st period - Stopped by Janne Juvonen without a rebound.
19:05 of 1st period - Ryan Fitzgerald wins face-off versus Linus Olund in Gulls zone.
19:05 of 1st period - Nathan Walker is hit by Ryan Shea and loses puck.
19:31 of 1st period - Off-side.
19:32 of 1st period - Nicholas Abruzzese wins face-off versus Calvin Thurkauf in neutral zone.
19:32 of 1st period - Nicholas Abruzzese is hit by Calvin Thurkauf.
19:40 of 1st period - Off-side.
19:41 of 1st period - Nicholas Abruzzese wins face-off versus Calvin Thurkauf in neutral zone.
Goals for this period are 3 for Gulls vs 4 for Monsters.
Shots for this period are 12 for Gulls vs 9 for Monsters.

2nd period


0:01 of 2nd period - Nicholas Abruzzese wins face-off versus Calvin Thurkauf in neutral zone.
0:28 of 2nd period - Shot by Alex Formenton.
0:28 of 2nd period - Stopped by Janne Juvonen with a rebound.
0:30 of 2nd period - Shot by Andrew Poturalski.
0:30 of 2nd period - Stopped by Janne Juvonen without a rebound.
0:31 of 2nd period - Linus Olund wins face-off versus Blade Jenkins in Gulls zone.
0:31 of 2nd period - Linus Olund is hit by Blade Jenkins.
0:44 of 2nd period - Icing by Adam Ginning.
0:45 of 2nd period - Alex Limoges wins face-off versus Blade Jenkins in Monsters zone.
0:45 of 2nd period - Jack Badini is hit by Mason Geertsen and loses puck.
0:49 of 2nd period - Malte Stromwall is hit by Mason Geertsen and loses puck.
0:54 of 2nd period - Shot by Alex Limoges.
0:54 of 2nd period - Stopped by Kevin Mandolese without a rebound.
0:55 of 2nd period - Andrew Poturalski wins face-off versus Phil Di Giuseppe in Monsters zone.
0:55 of 2nd period - Andrew Poturalski is hit by Phil Di Giuseppe.
1:01 of 2nd period - Shot by Andrew Poturalski.
1:01 of 2nd period - Stopped by Janne Juvonen without a rebound.
1:02 of 2nd period - Linus Olund wins face-off versus Nicholas Abruzzese in Gulls zone.
1:02 of 2nd period - Linus Olund is hit by Alex Formenton.
1:13 of 2nd period - Minor Penalty to Dysin Mayo for Delaying the game.
1:14 of 2nd period - Calvin Thurkauf wins face-off versus Alex Formenton in Monsters zone.
1:14 of 2nd period - Mirco Mueller is hit by Sean Day.
1:32 of 2nd period - Mitch Reinke is hit by Dalton Smith.
1:48 of 2nd period - Shot by Malte Stromwall.
1:48 of 2nd period - Stopped by Kevin Mandolese with a rebound.
3:10 of 2nd period - Shot by Mirco Mueller.
3:10 of 2nd period - Shot Blocked by Sean Day.
3:12 of 2nd period - Shot by Calvin Thurkauf.
3:12 of 2nd period - Shot Misses the Net.
3:14 of 2nd period - Shot by Arnaud Durandeau.
3:14 of 2nd period - Shot Misses the Net.
3:16 of 2nd period - Shot by Mathias Laferriere.
3:16 of 2nd period - Stopped by Kevin Mandolese with a rebound.
3:23 of 2nd period - Icing by Chris Bigras.
3:24 of 2nd period - Alex Limoges wins face-off versus Blade Jenkins in Monsters zone.
3:39 of 2nd period - Shot by Jack Badini.
3:39 of 2nd period - Goal by Jack Badini - Gulls : 4 - Monsters : 4.
3:40 of 2nd period - Linus Olund wins face-off versus Max Willman in neutral zone.
3:45 of 2nd period - Shot by Sam Kurker.
3:45 of 2nd period - Shot Blocked by Max Willman.
4:10 of 2nd period - Icing by Dysin Mayo.
4:11 of 2nd period - Calvin Thurkauf wins face-off versus Max Willman in Monsters zone.
4:45 of 2nd period - Andrew Poturalski is hit by Dmitry Kulikov and loses puck.
4:58 of 2nd period - Shot by Andrew Poturalski.
4:58 of 2nd period - Deflect By Alex Formenton.
4:58 of 2nd period - Shot Misses the Net.
5:20 of 2nd period - Minor Penalty to Andrew Poturalski for Holding.
5:21 of 2nd period - Linus Olund wins face-off versus Alex Formenton in Monsters zone.
5:46 of 2nd period - Mason Geertsen is hit by Phil Di Giuseppe.
7:25 of 2nd period - Shot by Blade Jenkins.
7:25 of 2nd period - Stopped by Janne Juvonen without a rebound.
7:26 of 2nd period - TJ Hensick wins face-off versus Blade Jenkins in Gulls zone.
7:39 of 2nd period - Shot by Anthony Angello.
7:39 of 2nd period - Stopped by Janne Juvonen without a rebound.
7:40 of 2nd period - Ryan Fitzgerald wins face-off versus Alex Limoges in Gulls zone.
7:46 of 2nd period - Shot by Justin Bailey.
7:46 of 2nd period - Stopped by Janne Juvonen without a rebound.
7:47 of 2nd period - Max Willman wins face-off versus Alex Limoges in Gulls zone.
8:00 of 2nd period - Shot by Nicolas Petan.
8:00 of 2nd period - Stopped by Janne Juvonen with a rebound.
8:09 of 2nd period - Alex Limoges is hit by Mason Geertsen.
9:02 of 2nd period - Alex Formenton is hit by Phil Di Giuseppe.
9:08 of 2nd period - Shot by Sam Kurker.
9:08 of 2nd period - Stopped by Kevin Mandolese with a rebound.
9:14 of 2nd period - Shot by Sam Kurker.
9:14 of 2nd period - Stopped by Kevin Mandolese with a rebound.
9:16 of 2nd period - Shot by Mirco Mueller.
9:16 of 2nd period - Shot Misses the Net.
9:18 of 2nd period - Shot by Mirco Mueller.
9:18 of 2nd period - Shot Misses the Net.
9:26 of 2nd period - Shot by Linus Olund.
9:26 of 2nd period - Stopped by Kevin Mandolese without a rebound.
9:27 of 2nd period - Blade Jenkins wins face-off versus Calvin Thurkauf in Monsters zone.
9:43 of 2nd period - Shot by Blade Jenkins.
9:43 of 2nd period - Shot Misses the Net.
9:45 of 2nd period - Shot by Carsen Twarynski.
9:45 of 2nd period - Shot Misses the Net.
9:47 of 2nd period - Shot by Mitch Reinke.
9:47 of 2nd period - Stopped by Janne Juvonen without a rebound.
9:48 of 2nd period - Max Willman wins face-off versus TJ Hensick in Gulls zone.
13:20 of 2nd period - Phil Di Giuseppe is hit by Mitch Reinke and loses puck.
13:50 of 2nd period - Alex Limoges is hit by Blade Jenkins and loses puck.
13:58 of 2nd period - Icing by Trevor Murphy.
13:59 of 2nd period - Nicholas Abruzzese wins face-off versus Alex Limoges in Gulls zone.
14:26 of 2nd period - Shot by Nicholas Abruzzese.
14:26 of 2nd period - Shot Misses the Net.
14:28 of 2nd period - Shot by Nicholas Abruzzese.
14:28 of 2nd period - Stopped by Janne Juvonen with a rebound.
14:30 of 2nd period - Shot by Alex Formenton.
14:30 of 2nd period - Stopped by Janne Juvonen without a rebound.
14:31 of 2nd period - Blade Jenkins wins face-off versus Linus Olund in Gulls zone.
14:36 of 2nd period - Shot by Adam Ginning.
14:36 of 2nd period - Stopped by Janne Juvonen without a rebound.
14:37 of 2nd period - Linus Olund wins face-off versus Blade Jenkins in Gulls zone.
15:12 of 2nd period - Carsen Twarynski is hit by Mirco Mueller and loses puck.
15:39 of 2nd period - Shot by Chris Bigras.
15:39 of 2nd period - Shot Blocked by Mirco Mueller.
15:41 of 2nd period - Shot by Nicholas Abruzzese.
15:41 of 2nd period - Shot Blocked by Mirco Mueller.
15:43 of 2nd period - Shot by Mitch Reinke.
15:43 of 2nd period - Shot Misses the Net.
17:30 of 2nd period - Shot by Nathan Walker.
17:30 of 2nd period - Goal by Nathan Walker - Gulls : 4 - Monsters : 5.
17:31 of 2nd period - Nicholas Abruzzese wins face-off versus Alex Limoges in neutral zone.
17:57 of 2nd period - Shot by Nicholas Abruzzese.
17:57 of 2nd period - Deflect By Alex Formenton.
17:57 of 2nd period - Stopped by Janne Juvonen with a rebound.
17:59 of 2nd period - Shot by Andrew Poturalski.
17:59 of 2nd period - Shot Misses the Net.
18:01 of 2nd period - Shot by Andrew Poturalski.
18:01 of 2nd period - Shot Misses the Net.
18:03 of 2nd period - Shot by Nicholas Abruzzese.
18:03 of 2nd period - Shot Blocked by Trevor Murphy.
18:20 of 2nd period - Icing by Alex Limoges.
18:21 of 2nd period - Malte Stromwall wins face-off versus Blade Jenkins in Gulls zone.
18:28 of 2nd period - Shot by Anthony Angello.
18:28 of 2nd period - Deflect By Carsen Twarynski.
18:28 of 2nd period - Stopped by Janne Juvonen without a rebound.
18:29 of 2nd period - Calvin Thurkauf wins face-off versus Tim Gettinger in Gulls zone.
19:21 of 2nd period - Mathias Laferriere is hit by Blade Jenkins and loses puck.
19:42 of 2nd period - Shot by Dysin Mayo.
19:42 of 2nd period - Stopped by Janne Juvonen without a rebound.
19:43 of 2nd period - Alex Limoges wins face-off versus Nicholas Abruzzese in Gulls zone.
19:57 of 2nd period - Icing by Trevor Murphy.
19:58 of 2nd period - Ryan Fitzgerald wins face-off versus Alex Limoges in Gulls zone.
19:59 of 2nd period - Shot by Nathan Walker.
19:59 of 2nd period - Shot Misses the Net.
Goals for this period are 1 for Gulls vs 1 for Monsters.
Shots for this period are 7 for Gulls vs 15 for Monsters.

3rd period


0:01 of 3rd period - Linus Olund wins face-off versus Nicholas Abruzzese in neutral zone.
0:03 of 3rd period - Off-side.
0:04 of 3rd period - Sam Kurker wins face-off versus Nicholas Abruzzese in neutral zone.
0:19 of 3rd period - Shot by Alex Formenton.
0:19 of 3rd period - Stopped by Janne Juvonen with a rebound.
0:44 of 3rd period - Shot by Sam Kurker.
0:44 of 3rd period - Stopped by Kevin Mandolese without a rebound.
0:45 of 3rd period - Max Willman wins face-off versus Dalton Smith in Monsters zone.
0:45 of 3rd period - Nicolas Petan is hit by Dalton Smith and loses puck.
0:49 of 3rd period - Mason Geertsen is hit by Dalton Smith and loses puck.
1:41 of 3rd period - Minor Penalty to Lucas Carlsson for Slashing.
1:42 of 3rd period - Phil Di Giuseppe wins face-off versus Nicholas Abruzzese in Gulls zone.
1:51 of 3rd period - Shot by Sean Day.
1:51 of 3rd period - Stopped by Janne Juvonen with a rebound.
1:53 of 3rd period - Shot by Nicholas Abruzzese.
1:53 of 3rd period - Shot Blocked by Mirco Mueller.
1:55 of 3rd period - Shot by Sean Day.
1:55 of 3rd period - Shot Misses the Net.
1:57 of 3rd period - Shot by Sean Day.
1:57 of 3rd period - Goal by Sean Day - Gulls : 4 - Monsters : 6.
1:58 of 3rd period - Alex Limoges wins face-off versus Anthony Angello in neutral zone.
2:03 of 3rd period - Shot by Alex Limoges.
2:03 of 3rd period - Shot Misses the Net.
2:32 of 3rd period - Shot by Jack Badini.
2:32 of 3rd period - Stopped by Kevin Mandolese without a rebound.
2:33 of 3rd period - Phil Di Giuseppe wins face-off versus Nicholas Abruzzese in Monsters zone.
2:42 of 3rd period - Shot by Sam Kurker.
2:42 of 3rd period - Shot Hit the Post.
2:54 of 3rd period - Shot by Phil Di Giuseppe.
2:54 of 3rd period - Shot Blocked by Sean Day.
2:56 of 3rd period - Shot by Mirco Mueller.
2:56 of 3rd period - Shot Hit the Post.
2:58 of 3rd period - Shot by Phil Di Giuseppe.
2:58 of 3rd period - Stopped by Kevin Mandolese without a rebound.
2:59 of 3rd period - Mathias Laferriere wins face-off versus Max Willman in Monsters zone.
3:12 of 3rd period - Shot by Nicolas Petan.
3:12 of 3rd period - Stopped by Janne Juvonen with a rebound.
3:53 of 3rd period - Icing by Nicholas Abruzzese.
3:54 of 3rd period - Linus Olund wins face-off versus Nicholas Abruzzese in Monsters zone.
3:55 of 3rd period - Shot by Sam Kurker.
3:55 of 3rd period - Shot Misses the Net.
4:27 of 3rd period - Icing by Nicholas Abruzzese.
4:28 of 3rd period - Alex Limoges wins face-off versus Nicholas Abruzzese in Monsters zone.
4:50 of 3rd period - Icing by Trevor Murphy.
4:51 of 3rd period - Max Willman wins face-off versus Malte Stromwall in Gulls zone.
4:57 of 3rd period - Minor Penalty to Max Willman for Roughing.
4:58 of 3rd period - Alex Formenton wins face-off versus Linus Olund in Monsters zone.
5:35 of 3rd period - Nathan Walker is hit by Phil Di Giuseppe and loses puck.
6:23 of 3rd period - Shot by Ryan Shea.
6:23 of 3rd period - Deflect By Dalton Smith.
6:23 of 3rd period - Shot Blocked by Mason Geertsen.
7:56 of 3rd period - Icing by Ryan Shea.
7:57 of 3rd period - Max Willman wins face-off versus Calvin Thurkauf in Gulls zone.
8:01 of 3rd period - Icing by Ryan Shea.
8:02 of 3rd period - Mathias Laferriere wins face-off versus Max Willman in Gulls zone.
8:02 of 3rd period - Mathias Laferriere is hit by Tim Gettinger.
8:07 of 3rd period - Off-side.
8:08 of 3rd period - Nicholas Abruzzese wins face-off versus TJ Hensick in neutral zone.
8:17 of 3rd period - Shot by Sean Day.
8:17 of 3rd period - Stopped by Janne Juvonen without a rebound.
8:18 of 3rd period - Linus Olund wins face-off versus Max Willman in Gulls zone.
8:23 of 3rd period - Shot by Sam Kurker.
8:23 of 3rd period - Shot Blocked by Adam Ginning.
9:01 of 3rd period - Dmitry Kulikov is hit by Tim Gettinger and loses puck.
9:16 of 3rd period - Icing by Sean Day.
9:17 of 3rd period - Calvin Thurkauf wins face-off versus Nicholas Abruzzese in Monsters zone.
9:24 of 3rd period - Shot by Dalton Smith.
9:24 of 3rd period - Stopped by Kevin Mandolese without a rebound.
9:25 of 3rd period - Alex Formenton wins face-off versus Calvin Thurkauf in Monsters zone.
9:44 of 3rd period - Shot by Dalton Smith.
9:44 of 3rd period - Stopped by Kevin Mandolese without a rebound.
9:45 of 3rd period - Alex Limoges wins face-off versus Ryan Fitzgerald in Monsters zone.
9:45 of 3rd period - Jack Badini is hit by Chris Bigras and loses puck.
10:00 of 3rd period - Shot by Ryan Fitzgerald.
10:00 of 3rd period - Shot Blocked by Trevor Murphy.
10:02 of 3rd period - Shot by Nathan Walker.
10:02 of 3rd period - Shot Blocked by Trevor Murphy.
10:14 of 3rd period - Shot by Justin Bailey.
10:14 of 3rd period - Shot Misses the Net.
10:16 of 3rd period - Shot by Nathan Walker.
10:16 of 3rd period - Shot Misses the Net.
10:18 of 3rd period - Shot by Mitch Reinke.
10:18 of 3rd period - Stopped by Janne Juvonen without a rebound.
10:19 of 3rd period - Calvin Thurkauf wins face-off versus Nicholas Abruzzese in Gulls zone.
11:27 of 3rd period - Shot by Linus Olund.
11:27 of 3rd period - Shot Blocked by Nicholas Abruzzese.
11:31 of 3rd period - Shot by Phil Di Giuseppe.
11:31 of 3rd period - Stopped by Kevin Mandolese without a rebound.
11:32 of 3rd period - Max Willman wins face-off versus Alex Limoges in Monsters zone.
11:56 of 3rd period - Off-side.
11:57 of 3rd period - Blade Jenkins wins face-off versus Linus Olund in neutral zone.
12:12 of 3rd period - Shot by Phil Di Giuseppe.
12:12 of 3rd period - Shot Misses the Net.
12:56 of 3rd period - Tim Gettinger is hit by Dalton Smith and loses puck.
13:09 of 3rd period - Shot by Nicolas Petan.
13:09 of 3rd period - Deflect By Tim Gettinger.
13:09 of 3rd period - Stopped by Janne Juvonen without a rebound.
13:10 of 3rd period - Ryan Fitzgerald wins face-off versus Alex Limoges in Gulls zone.
13:44 of 3rd period - Shot by Nathan Walker.
13:44 of 3rd period - Shot Hit the Post.
14:28 of 3rd period - Shot by Dalton Smith.
14:28 of 3rd period - Shot Misses the Net.
14:45 of 3rd period - Mirco Mueller is hit by Alex Formenton and loses puck.
15:08 of 3rd period - Phil Di Giuseppe is hit by Tim Gettinger and loses puck.
15:24 of 3rd period - Icing by Chris Bigras.
15:25 of 3rd period - TJ Hensick wins face-off versus Nicolas Petan in Monsters zone.
15:36 of 3rd period - Mathias Laferriere is hit by Tim Gettinger and loses puck.
15:41 of 3rd period - Shot by Nicolas Petan.
15:41 of 3rd period - Shot Blocked by TJ Hensick.
16:25 of 3rd period - Off-side.
16:26 of 3rd period - Nicholas Abruzzese wins face-off versus Alex Limoges in neutral zone.
17:15 of 3rd period - Shot by Linus Olund.
17:15 of 3rd period - Shot Misses the Net.
17:17 of 3rd period - Shot by Phil Di Giuseppe.
17:17 of 3rd period - Shot Blocked by Mason Geertsen.
17:25 of 3rd period - Shot by Linus Olund.
17:25 of 3rd period - Shot Misses the Net.
17:27 of 3rd period - Shot by Mirco Mueller.
17:27 of 3rd period - Stopped by Kevin Mandolese without a rebound.
17:28 of 3rd period - Mathias Laferriere wins face-off versus Max Willman in Monsters zone.
17:28 of 3rd period - Mathias Laferriere is hit by Dysin Mayo.
17:43 of 3rd period - Minor Penalty to Dysin Mayo for Holding.
17:44 of 3rd period - Linus Olund wins face-off versus Alex Formenton in Monsters zone.
17:44 of 3rd period - Linus Olund is hit by Sean Day.
17:46 of 3rd period - Shot by Mirco Mueller.
17:46 of 3rd period - Stopped by Kevin Mandolese without a rebound.
17:47 of 3rd period - Alex Formenton wins face-off versus Linus Olund in Monsters zone.
18:15 of 3rd period - Shot by Mirco Mueller.
18:15 of 3rd period - Shot Misses the Net.
18:32 of 3rd period - Shot by Max Willman.
18:32 of 3rd period - Deflect By Andrew Poturalski.
18:32 of 3rd period - Shot Blocked by Dmitry Kulikov.
18:47 of 3rd period - Icing by Mirco Mueller.
18:48 of 3rd period - Linus Olund wins face-off versus Alex Formenton in Gulls zone.
19:20 of 3rd period - Shot by Lucas Carlsson.
19:20 of 3rd period - Shot Blocked by Mitch Reinke.
19:22 of 3rd period - Shot by Ryan Shea.
19:22 of 3rd period - Stopped by Kevin Mandolese with a rebound.
19:24 of 3rd period - Shot by Dalton Smith.
19:24 of 3rd period - Shot Hit the Post.
19:26 of 3rd period - Shot by Lucas Carlsson.
19:26 of 3rd period - Stopped by Kevin Mandolese without a rebound.
19:27 of 3rd period - Calvin Thurkauf wins face-off versus Nicholas Abruzzese in Monsters zone.
19:39 of 3rd period - Shot by Ryan Shea.
19:39 of 3rd period - Shot Blocked by Alex Formenton.
19:41 of 3rd period - Shot by Ryan Shea.
19:41 of 3rd period - Stopped by Kevin Mandolese with a rebound.
Goals for this period are 0 for Gulls vs 1 for Monsters.
Shots for this period are 11 for Gulls vs 7 for Monsters.